Selects Airborne Battlegroup
Selects Airborne Battlegroup
Selects Heavy Machine Gun Paradrop
Heavy Machine Gun Paradrop
Construct Weapon Support Center
Heavy Machine Gun Paradrop
Selects Paratrooper Squad Paradrop
Paratrooper Squad Paradrop
Paratrooper Squad Paradrop
M3 Armored Personnel Carrier
Selects Smoke Bombing Run
Improved M9 Bazooka Rockets
Paratrooper Squad Paradrop
Advanced Air Reconnaissance
Grasshopper High-Altitude Recon Run
Selects Carpet Bombing Run
Grasshopper High-Altitude Recon Run